 Dungeon Crawl Stone Soup version 0.30.1-4-g462c640d31 (webtiles) character file.

Game seed: 2969103078623851401

3081 monsoonserge the Artisan of Death (level 9, -2/66 HPs)
             Began as a Demonspawn Monk on Sept 16, 2023.
             Was a Priest of Kikubaaqudgha.
             Slain by an angel
             ... wielding a +1 sacred scourge of holy wrath
              (28 damage)
             ... on level 1 of the Abyss.
             The game lasted 00:34:22 (7692 turns).

monsoonserge the Artisan of Death (Demonspawn Monk) Turns: 7692, Time: 00:34:26

Health: -2/66      AC:  4    Str: 12    XL:     9   Next: 58%
Magic:  12/12      EV: 14    Int: 25    God:    Kikubaaqudgha [***...]
Gold:   404        SH:  0    Dex: 16    Spells: 6/12 levels left

rFire   . . .        s - +4 dagger
rCold   . . .        (no shield)
rNeg    . . .        H - +0 robe {Will+}
rPois   .            (no helmet)
rElec   .            h - +0 cloak
rCorr   .            k - +0 pair of gloves
SInv    .            (no boots)
Will    +....        (no amulet)
Stlth   +            x - +6 ring of intelligence
HPRegen 0.31/turn    d - ring of wizardry
MPRegen 0.13/turn

%: wizardry (x1)
@: about to teleport, glowing
A: ignite blood 2, big brain 2, demonic magic 1, demonic touch 1
a: Renounce Religion, Unearth Wretches


You were on level 1 of the Abyss.
You worshipped Kikubaaqudgha.
Kikubaaqudgha was most pleased with you.
You visited 2 branches of the dungeon, and saw 9 of its levels.
You visited the Abyss 1 time.

You collected 464 gold pieces.
You spent 60 gold pieces at shops.

Inventory:

Hand Weapons
 s - a +4 dagger (weapon)
 E - the +7 morningstar of Leaguss {heavy, rC+}
   (You found it on level 5 of the Dungeon)

   rC:        It protects you from cold.
Missiles
 a - 15 boomerangs
 M - 11 poisoned darts (quivered)
Armour
 h - a +0 cloak (worn)
 k - a +0 pair of gloves (worn)
 q - a +0 ring mail
 H - a +0 robe of willpower (worn)
Magical Staves
 B - a staff of earth
Jewellery
 d - a ring of wizardry (right hand)
 x - a +6 ring of intelligence (left hand)
 L - a ring of magical power
Wands
 f - a wand of roots (7)
 r - a wand of polymorph (17)
 G - a wand of light (2)
 O - a wand of flame (26)
Scrolls
 e - 4 scrolls of teleportation
 g - a scroll of fog
 i - 3 scrolls of enchant armour
 o - 3 scrolls of immolation
 w - 3 scrolls of amnesia
 y - 2 scrolls of silence
 C - a scroll of torment {unknown}
 D - 2 scrolls of fear
 I - a scroll of magic mapping {unknown}
 J - a scroll of acquirement {unknown}
 K - 4 scrolls of vulnerability
 N - a scroll of poison {unknown}
Potions
 b - 2 potions of haste {unknown}
 c - a potion of ambrosia
 j - 3 potions of brilliance {unknown}
 m - 2 potions of flight
 n - 2 potions of attraction {unknown}
 p - a potion of mutation {unknown}
 t - 2 potions of heal wounds
 u - 2 potions of magic {unknown}
 v - 4 potions of might
 z - a potion of resistance {unknown}
 A - a potion of curing
 F - a potion of lignification {unknown}


   Skills:
 + Level 4.6 Fighting
 + Level 5.0(5.5) Short Blades
 + Level 3.2(4.6) Long Blades
 + Level 1.6 Maces & Flails
 + Level 2.0 Throwing
 - Level 4.1 Armour
 + Level 5.4 Dodging
 + Level 4.7 Stealth
 + Level 1.0 Unarmed Combat
 - Level 2.0 Spellcasting
 * Level 6.2 Necromancy
 + Level 1.0 Evocations


You had 6 spell levels left.
You knew the following spells:

 Your Spells              Type           Power      Damage    Failure   Level
a - Necrotise             Necr           100%       1d9       1%          1
b - Vampiric Draining     Necr           33%        2d8       1%          3
c - Sublimation of Blood  Necr           33%        N/A       1%          2

Your spell library contained the following spells:

 Spells                   Type           Power      Damage    Failure   Level
 Cigotuvi's Dreadful Rot  Necr/Pois/Air  24%        N/A       3%          2
 Dispel Undead            Necr           33%        3d14      3%          4
 Apportation              Tloc           4%         N/A       4%          1
 Sting                    Tmut/Pois      8%         1d3       4%          1
 Summon Small Mammal      Summ           8%         N/A       4%          1
 Poisonous Vapours        Pois/Air       4%         N/A       7%          2
 Agony                    Necr           33%        N/A       10%         5
 Borgnjor's Vile Clutch   Necr/Erth      9%         N/A       32%         5
 Olgreb's Toxic Radiance  Pois           2%         N/A       38%         4
 Simulacrum               Ice/Necr       9%         N/A       86%         6


Dungeon Overview and Level Annotations

Branches:
Dungeon (8/15)             Temple (1/1) D:7
   Lair: D:8-11

Altars:
Ashenzari
Cheibriados
Dithmenos
Fedhas
Gozag
Kikubaaqudgha
Makhleb
Nemelex Xobeh
Okawaru
Qazlal
Ru
Sif Muna
Trog
Uskayaw
Vehumet
Wu Jian
Xom
Yredelemnul

Shops:
D:2 !

Annotations:
D:4 3 runed translucent doors, turdburglar's ghost, amateur GnHu
D:8 Psyche


Innate Abilities, Weirdness & Mutations

Your demonic aura often causes spilled blood to erupt in flames.
You have an extremely huge brain. (Int +4)
Spells you cast may paralyse adjacent enemies.
Your touch may inflict minor irresistible damage on your foes.


Message History

You start resting.
You feel a little less agile now.
You start resting.
A small abomination comes into view.
Casting: Vampiric Draining (safe; 1% risk of failure)
Confirm with . or Enter, or press ? or * to list all spells.
You can't see any susceptible monsters within range! (Use Z to cast anyway.) Unknown command.
Press: ? - help, v - describe, . - travel
Here: a small abomination (wandering, hasn't noticed you)
The floor.
Okay, then.
Unknown command.
Found a gateway leading deeper into the Abyss.
Casting: Vampiric Draining (safe; 1% risk of failure)
Confirm with . or Enter, or press ? or * to list all spells.
You draw magical energy from your own body!
Malevolent energies surge around you.
You start resting.
A bone dragon materialises.
An angel comes into view.
It is wielding a +1 sacred scourge of holy wrath.
As you read the scroll of teleportation, it crumbles to dust.
You feel strangely unstable.
You feel the power of the Abyss delaying your translocation!
The angel shouts!
Okay, then.
Press: ? - help, v - describe, . - travel The floor.
This square is lit by a halo.
Unknown command.
Blink to where?
Press: ? - help, Dir - move target
As you read the scroll of blinking, it crumbles to dust.
The angel attacks as you move away!
The angel hits you with a +1 sacred scourge of holy wrath!
You convulse!
The angel completely misses you.
The angel hits you with a +1 sacred scourge of holy wrath!!
You convulse!!
You die...
Kikubaaqudgha rasps: "You have failed me!
Welcome... death!"

.
....#.....#...####..D..
.. .# ... ##. #.#.#..
..# . .
.#........#.....### .#.
. #....##... ##.#....#.
##.......#..
####.#.##.....#
#.#A.##. .#....
#@.#...#.#.... #.≈#####
# .#. .≈... . .≈~~.#..
#....~~ .# ...##≈.# ~.
..#. ##. ~ .#.#. ..


You could see an angel.

Vanquished Creatures
  Prince Ribbit (D:7)
  Sigmund (D:3)
  Edmund (D:5)
  3 ice beasts
  A black bear (D:6)
  An ogre (D:4)
  A wolf (D:8)
  A phantom (D:5)
  2 kobold brigands
  3 bullfrogs
  2 scorpions
  6 killer bees (D:7)
  A howler monkey (D:6)
  A vampire bat (D:3)
  6 hounds
  A jelly (D:5)
  6 orc priests
  Crazy Yiuf (D:5)
  2 gnoll boudas (D:6)
  3 iguanas
  A sleepcap (D:5)
  13 orc wizards
  8 adders
  12 gnolls
  3 white imps (D:7)
  An ufetubus (D:6)
  3 worms
  3 dart slugs
  22 orcs
  4 endoplasms
  4 giant cockroaches
  7 goblins
  3 hobgoblins
  6 jackals (D:2)
  11 kobolds
  6 quokkas
  4 ball pythons
  16 bats
  4 frilled lizards
  A rat (D:1)
176 creatures vanquished.

Vanquished Creatures (others)
  A kobold (D:8)
1 creature vanquished.

Grand Total: 177 creatures vanquished

Notes
Turn   | Place    | Note
-------+----------+-------------------------------------------
     0 | D:1      | monsoonserge the Demonspawn Monk began the quest for the
                  | Orb.
     0 | D:1      | Reached XP level 1. HP: 18/18 MP: 1/1
     6 | D:1      | Noticed a four-headed hydra
     6 | D:1      | Noticed a black bear
     7 | D:1      | Noticed a swamp worm
     7 | D:1      | Noticed a scorpion
   252 | D:1      | Gained mutation: You have an unusually large brain. (Int
                  | +2) [demonic ancestry]
   252 | D:1      | Reached XP level 2. HP: 23/24 MP: 2/2
   904 | D:2      | Gained mutation: You have an extremely huge brain. (Int +4)
                  | [demonic ancestry]
   904 | D:2      | Reached XP level 3. HP: 29/29 MP: 3/3
  1063 | D:2      | Reached skill level 1 in Maces & Flails
  1066 | D:2      | Found Arhukhix's Distillery.
  1106 | D:2      | Bought a potion of degeneration for 10 gold pieces
  1140 | D:2      | Bought a potion of heal wounds for 50 gold pieces
  1171 | D:2      | Gained mutation: Your touch may inflict minor irresistible
                  | damage on your foes. [demonic ancestry]
  1171 | D:2      | Reached XP level 4. HP: 20/35 MP: 4/4
  2139 | D:3      | Reached skill level 1 in Short Blades
  2139 | D:3      | Gained mutation: Your demonic aura sometimes causes spilled
                  | blood to erupt in flames. [demonic ancestry]
  2139 | D:3      | Reached XP level 5. HP: 37/41 MP: 5/5
  2190 | D:3      | Noticed Sigmund
  2334 | D:3      | Reached skill level 1 in Armour
  2334 | D:3      | Reached skill level 1 in Unarmed Combat
  2686 | D:4      | Found a runed translucent gate.
  2686 | D:4      | Found a runed translucent gate.
  2687 | D:4      | Found a runed translucent gate.
  2687 | D:4      | Noticed turdburglar's ghost (amateur GnHu)
  2871 | D:4      | Noticed an ogre
  2878 | D:5      | Entered Level 5 of the Dungeon
  2933 | D:6      | Reached XP level 6. HP: 47/47 MP: 6/6
  3066 | D:5      | Noticed Edmund
  3726 | D:5      | Killed Edmund
  3727 | D:5      | Reached XP level 7. HP: 41/53 MP: 7/7
  4318 | D:5      | Found a runed translucent door.
  4319 | D:5      | Noticed Crazy Yiuf
  4370 | D:5      | Identified the +7 morningstar of Leaguss {heavy, rC+}
  4603 | D:5      | Killed Crazy Yiuf
  4712 | D:3      | Killed Sigmund
  4713 | D:3      | Reached skill level 1 in Throwing
  4713 | D:3      | Reached skill level 1 in Stealth
  4713 | D:3      | Gained mutation: Spells you cast may paralyse adjacent
                  | enemies. [demonic ancestry]
  4713 | D:3      | Reached XP level 8. HP: 51/60 MP: 8/8
  4750 | D:3      | Found a snail-covered altar of Cheibriados.
  4753 | D:3      | Found an ancient bone altar of Kikubaaqudgha.
  4763 | D:3      | Became a worshipper of Kikubaaqudgha
  4763 | D:3      | Reached * piety under Kikubaaqudgha
  4763 | D:3      | Received a gift from Kikubaaqudgha
  4763 | D:3      | Reached ** piety under Kikubaaqudgha
  4766 | D:3      | Learned a level 1 spell: Necrotise
  5175 | D:6      | Reached skill level 5 in Dodging
  5236 | D:6      | Reached skill level 1 in Necromancy
  5291 | D:6      | Reached skill level 1 in Spellcasting
  5358 | D:6      | Learned a level 3 spell: Vampiric Draining
  5392 | D:6      | Reached skill level 2 in Necromancy
  5695 | D:6      | Identified the +0 buckler of Life {rC+ Int+3}
  5788 | D:6      | Reached skill level 3 in Necromancy
  6167 | D:7      | Reached skill level 1 in Evocations
  6265 | D:7      | Reached skill level 4 in Necromancy
  6265 | D:7      | Gained mutation: Your demonic aura often causes spilled
                  | blood to erupt in flames. [demonic ancestry]
  6265 | D:7      | Reached XP level 9. HP: 66/66 MP: 11/11
  6268 | D:7      | Learned a level 2 spell: Sublimation of Blood
  6396 | D:7      | Found a radiant altar of Vehumet.
  6432 | D:7      | Noticed Prince Ribbit
  6443 | D:7      | Killed Prince Ribbit
  6594 | D:7      | Reached skill level 5 in Necromancy
  6844 | D:7      | Found a staircase to the Ecumenical Temple.
  6850 | Temple   | Entered the Ecumenical Temple
  7400 | D:7      | Reached skill level 5 in Short Blades
  7603 | D:8      | Noticed Psyche
  7615 | D:8      | Reached skill level 6 in Necromancy
  7619 | D:8      | Reached *** piety under Kikubaaqudgha
  7619 | D:8      | Received a gift from Kikubaaqudgha
  7619 | Abyss:1  | Cast into level 1 of the Abyss (Psyche)
  7685 | Abyss:1  | Noticed a bone dragon
  7685 | Abyss:1  | Noticed an angel
  7692 | Abyss:1  | Slain by an angel

Illustrated notes

Levels and vault maps discovered:
D:1:      onia_arrival_zoo_common, layout_basic
D:2:      layout_loops_ring, serial_shops, nicolae_shop_industrial_runoff,
          st_stairs_14, kennysheep_generic_room_11
D:3:      layout_basic, chequers_temple_overflow_statue_of_worship,
          roderic_batcave, uniq_sigmund
D:4:      layout_basic, ebering_ghost_rock_garden
D:5:      layout_basic, minmay_between, uniq_crazy_yiuf_cottage, uniq_edmund
D:6:      layout_basic
D:7:      layout_basic, overflow_temple_1_default,
          minmay_temple_entry_proselytizer, uniq_prince_ribbit1
D:8:      layout_rooms, hellmonk_lair_entry_icy, uniq_psyche
Temple:   nicolae_temple_bog_church
Abyss:1:  base:
D:6

Skill      XL: |  1  2  3  4  5  6  7  8  9 |
---------------+----------------------------+-----
Long Blades    | 3 |  3.2
Dodging        | 3 4 5 |  5.4
Maces & Flails | 1 |  1.6
Short Blades   | 1 2 4 5 |  5.0
Armour         | 1 3 4 |  4.1
Unarmed Combat | 1 |  1.0
Fighting       | 4 |  4.6
Throwing       | 1 2 |  2.0
Stealth        | 1 3 4 |  4.7
Necromancy     | 4 6 |  6.2
Spellcasting   | 1 2 |  2.0
Evocations     | 1 |  1.0

Action                     |  1- 3 |  4- 6 |  7- 9 || total
---------------------------+-------+-------+-------++-------
  Melee: Falchion          |    21 |       |       ||    21
         Whip              |    34 |       |       ||    34
         Dagger            |    24 |   182 |   191 ||   397
         Touch             |       |    28 |    25 ||    53
         Punch             |       |     2 |     1 ||     3
  Throw: Boomerang         |       |     3 |    22 ||    25
   Cast: Necrotise         |       |       |    58 ||    58
         Vampiric Draining |       |       |    15 ||    15
         Sublimation of Bl |       |       |     4 ||     4
  Evoke: Wand              |       |       |     3 ||     3
    Use: Scroll            |       |     6 |     5 ||    11
         Potion            |       |       |     3 ||     3
   Stab: Paralysed         |       |       |    34 ||    34
         Sleeping          |       |       |     4 ||     4
 Armour: Robe              |     5 |       |    24 ||    29
         Ring mail         |    13 |    70 |    21 ||   104
  Dodge: Dodged            |    50 |   116 |   120 ||   286
